 Dungeon Crawl Stone Soup version 0.18.1-50-g88ac8fd (webtiles) character file.

123065 epen the Alchemist (level 16, -12/190 HPs)
             Began as a Merfolk Monk on Sept 15, 2016.
             Was a Priest of Cheibriados.
             Mangled by a tentacle (13 damage)
             ... attached to a kraken
             ... on level 1 of the Shoals.
             The game lasted 00:59:07 (31267 turns).

epen the Alchemist (Merfolk Monk)                  Turns: 31267, Time: 00:59:08

Health: -12/190    AC: 16    Str: 29    XL:     16   Next: 89%
Magic:  21/26      EV: 19    Int: 22    God:    Cheibriados [***...]
Gold:   2149       SH:  0    Dex: 28    Spells: 1 memorised, 17 levels left

rFire  + + .     SeeInvis .       - Unarmed
rCold  x . .     Gourm    .     (armour currently unavailable)
rNeg   . . .     Faith    +     (shield currently unavailable)
rPois  +         Spirit   .     (helmet currently unavailable)
rElec  .         Dismiss  .     (cloak currently unavailable)
rCorr  .         Reflect  .     (gloves currently unavailable)
SustAt .         Harm     .     (boots currently unavailable)
MR     ++...                    Y - amulet of faith
Stlth  +++.......               o - ring of poison resistance
                                R - ring of protection from magic

@: about to teleport, dragon-form, flying, very slightly contaminated, very
slow, very resistant to hostile enchantments, fairly stealthy
A: (change form in water), (swift swim), rough black scales 1, agile 1
a: End Transformation, Bend Time, Temporal Distortion, Renounce Religion,
Breathe Fire


You were on level 1 of the Shoals.
You worshipped Cheibriados.
Cheibriados was most pleased with you.
You were not hungry.
You were a fearsome dragon!
You visited 4 branches of the dungeon, and saw 26 of its levels.
You also visited: Ossuary and Bailey.

You collected 2690 gold pieces.
You spent 541 gold pieces at shops.

Inventory:

Missiles
 U - 8 throwing nets (quivered)
Armour
 a - a +0 helmet (melded)
 j - a +2 pair of gloves (melded)
 t - the +4 plate armour of Distant Shores {Slay+2}
   (You found it on level 8 of the Lair of Beasts)

   It affects your accuracy and damage with ranged weapons and melee attacks
   (+2).
 u - a +2 buckler (melded)
 B - a +1 troll leather armour
 H - a +1 robe of positive energy (melded)
 J - a +0 pair of boots (melded)
 O - a +0 cloak (melded)
Magical Staves
 M - an uncursed staff of wizardry (melded)
Jewellery
 c - an uncursed ring of resist corrosion
 i - an uncursed ring of sustain attributes
 o - a ring of poison resistance (right foreclaw)
 v - an uncursed ring of protection from cold
 y - an uncursed ring of fire
 R - a ring of protection from magic (left foreclaw)
 V - an uncursed ring of positive energy
 Y - an amulet of faith (around neck)
Wands
 p - a wand of heal wounds (1/9)
 A - a wand of disintegration (8/24)
Scrolls
 g - 3 scrolls of teleportation
 q - a scroll of enchant weapon
 x - 2 scrolls of holy word
 D - 4 scrolls of identify
 I - 6 scrolls of fog
 K - 4 scrolls of amnesia
 P - 5 scrolls of remove curse
 T - 4 scrolls of magic mapping
 W - 4 scrolls of enchant armour
 Z - a scroll of recharging
Potions
 d - 2 potions of brilliance
 m - 2 potions of might
 n - 2 potions of heal wounds
 r - 2 potions of magic
 s - 2 potions of cure mutation
 z - 2 potions of cancellation
 C - 5 potions of mutation
 F - 2 potions of agility
 G - 12 potions of curing
 S - 2 potions of ambrosia
 X - 3 potions of flight
Books
 l - a book of Maledictions

   Spells                             Type                      Level
   a - Corona                         Hexes                        1
   b - Ensorcelled Hibernation        Hexes/Ice                    2
   c - Confuse                        Hexes                        3
   d - Tukima's Dance                 Hexes                        3
   e - Dazzling Spray                 Conjuration/Hexes            3
 w - a book of Conjurations

   Spells                             Type                      Level
   a - Magic Dart                     Conjuration                  1
   b - Searing Ray                    Conjuration                  2
   c - Dazzling Spray                 Conjuration/Hexes            3
   d - Fulminant Prism                Conjuration/Hexes            4
   e - Iskenderun's Mystic Blast      Conjuration                  4
   f - Iskenderun's Battlesphere      Conjuration/Charms           5
 Q - a book of Summonings

   Spells                             Type                      Level
   a - Recall                         Summoning/Translocation      3
   b - Aura of Abjuration             Summoning                    5
   c - Summon Demon                   Summoning                    5
   d - Summon Forest                  Summoning/Translocation      5
   e - Summon Mana Viper              Hexes/Summoning              5
   f - Shadow Creatures               Summoning                    6
Miscellaneous
 E - a box of beasts
Comestibles
 b - 19 bread rations
 f - 16 meat rations
 h - 18 fruits
 k - 4 beef jerkies
 L - 11 slices of pizza


   Skills:
 - Level 12.2 Fighting
 - Level 13.8 Dodging
 - Level 2.1 Stealth
 - Level 7.7 Shields
 - Level 15.5 Unarmed Combat
 - Level 4.9 Spellcasting
 * Level 16.0 Transmutations
 - Level 14.0 Invocations
 - Level 6.8 Evocations


You had 17 spell levels left.
You knew the following spells:

 Your Spells              Type           Power        Failure   Level  Hunger
a - Dragon Form           Trmt           ######....   14%         7    #######


Dungeon Overview and Level Annotations

Branches:
Dungeon (15/15)            Temple (0/1) D:7            Lair (8/8) D:10
 Shoals (1/4) Lair:4       Spider (0/4) Lair:5        Slime (0/6) Lair:8
    Orc (2/2) D:10            Elf (0/3) Orc:2        Vaults (0/5) D:14
 Depths (0/5) D:15

Altars:
Cheibriados
Dithmenos
Elyvilon
Kikubaaqudgha
Pakellas
Qazlal
Ru
Sif Muna
Xom
Zin
The Shining One
Beogh

Shops:
D:4 (   D:5 :   D:15 (   Orc:2 !:*(

Portals:
Pandemonium: Orc:2
Trove: D:13 (give 2 scrolls of acquirement)

Annotations:
Shoals:1 Nikola


Innate Abilities, Weirdness & Mutations

((You revert to your normal form in water.))
((You are very nimble and swift while swimming.))
(You are partially covered in rough black scales (AC +4, Dex -1).)
You are agile. (Dex +2)


Message History

Blink to where?
Press: ? - help, Dir - move target cursor You are very lightly contaminated with residual magic.
As you read the scroll of blinking, it crumbles to dust.
Read which item? (? for menu, Esc to quit)
As you read the scroll of teleportation, it crumbles to dust.
You feel strangely unstable. The tentacle misses you.
The tentacle slaps you but does no damage.
The kraken completely misses you.
The merfolk impaler hits you from afar with a trident of protection.
* * * LOW HITPOINT WARNING * * *
Unknown command.
Evoke which item? (* to show all) (? for menu, Esc to quit)
Zapping:
p - a wand of heal wounds (2/9)
Press: ? - help, Shift-Dir - straight line, f - you You feel much better.
This wand has 1 charge left.
The tentacle barely misses you. The kraken bites you!!!
* * * LOW HITPOINT WARNING * * *
The merfolk impaler barely misses you. The tentacle slaps you!
You die...

≈≈≈≈≈≈≈≈≈≈≈≈≈≈≈≈≈≈≈≈≈≈≈≈≈
≈≈≈≈≈≈≈≈≈≈≈≈≈≈≈≈≈≈≈≈≈≈≈≈≈
≈≈≈≈≈≈≈≈≈≈≈≈≈≈≈≈≈≈≈≈≈≈≈≈≈
≈≈≈≈≈≈≈≈≈≈≈≈≈≈≈≈≈≈≈≈≈≈≈≈≈≈
≈≈≈≈≈≈≈≈≈≈≈≈≈≈≈≈≈≈≈≈≈≈≈≈≈≈
≈≈≈≈§§≈≈≈≈≈≈≈≈≈≈≈≈≈≈≈≈≈≈≈≈
≈≈≈§§≈§≈≈≈≈≈≈≈≈≈≈≈≈≈≈≈≈≈≈≈
≈≈≈≈§§≈§§§≈≈≈≈≈≈≈≈≈≈≈≈≈≈≈≈
≈≈≈≈≈§§§§D§≈≈≈≈≈≈≈≈≈≈≈≈≈≈≈
≈≈≈≈≈§§§Xw§≈≈≈≈≈≈≈≈≈≈≈≈≈..
≈≈≈≈≈§§m§§≈≈≈≈≈≈≈≈≈≈)≈≈≈..
≈≈≈≈≈§w§w§≈≈≈≈≈≈≈≈≈≈.≈≈≈≈.
≈≈≈≈≈§§§m§≈≈≈≈≈≈≈≈≈≈≈≈≈≈≈≈
≈≈≈≈≈≈m§≈≈≈≈≈≈≈≈≈≈≈≈≈≈≈.≈≈
≈≈≈≈≈≈≈≈≈≈≈≈≈≈≈≈≈≈≈≈≈≈≈.≈≈
≈≈≈≈≈≈≈≈≈≈≈≈≈≈≈≈≈≈≈≈≈≈≈≈≈≈
≈...≈≈≈≈≈≈≈≈≈≈≈≈≈≈≈≈≈≈≈≈≈.


You could see a kraken, a merfolk impaler and a tentacle.

Vanquished Creatures
  5 dire elephants (Lair:8)
  The ghost of Duraxyll the Spear-Bearer, a journeyman MfBe of Trog (D:14)
  A minotaur (shapeshifter) (D:15)
  A vault guard (D:14)
  A merfolk impaler (Shoals:1)
  Harold (D:10)
  8 hydras
  2 centaur warriors (D:15)
  A death knight (D:15)
  An anaconda (Lair:8)
  A tengu warrior (D:15)
  A merfolk aquamancer (Shoals:1)
  9 death yaks
  8 orc high priests
  3 unseen horrors
  3 sea snakes (Shoals:1)
  A gelid demonspawn (Orc:2)
  12 orc knights
  A torturous demonspawn (Orc:2)
  7 hill giants
  A necromancer (D:15)
  A wolf spider zombie (D:15)
  2 wizards (D:15)
  3 deep elf magi
  13 ugly things
  An oklob plant (Lair:3)
  11 orc sorcerers
  4 manticores
  A faun (Shoals:1)
  2 griffons
  The ghost of Lovchig the Covert, a novice OpAs of Nemelex Xobeh (D:6)
  4 cyclopes
  4 elephants (Lair:8)
  A naga mage (D:15)
  3 black mambas
  A smoke demon (Orc:2)
  2 water nymphs (Shoals:1)
  A rust devil (Orc:2)
  10 spiny frogs
  An orange demon (Orc:2)
  A rime drake (Lair:4)
  3 kobold demonologists
  5 yaktaurs (D:14)
  10 komodo dragons
  A hellwing (Orc:2)
  A freezing wraith (D:15)
  An ice devil (Orc:2)
  A tengu conjurer (D:15)
  5 trolls
  A polar bear (Lair:8)
  A wind drake (Shoals:1)
  Prince Ribbit (D:7)
  5 merfolk (Shoals:1)
  2 two-headed ogres (D:8)
  7 slime creatures
  4 snapping turtles (Shoals:1)
  15 blink frogs
  A centaur simulacrum (D:15)
  2 shadows
  4 wraiths
  3 water elementals (Shoals:1)
  23 yaks
  4 wyverns
  A steam dragon (Lair:5)
  6 basilisks
  4 vampires
  18 hippogriffs
  4 hungry ghosts
  4 vampire mosquitoes (D:12)
  6 wargs
  23 water moccasins
  10 porcupines
  2 sky beasts
  3 ice beasts
  66 orc warriors
  4 phantoms
  An eye of draining (D:12)
  4 black bears
  A necrophage (D:10)
  2 wasps
  12 wolves
  12 ogres
  7 centaurs
  19 crocodiles
  An elf zombie (Ossuary)
  3 big kobolds
  21 giant frogs
  A wyvern zombie (D:14)
  2 wyvern skeletons
  A water moccasin skeleton (D:8)
  5 scorpions
  4 killer bees (D:12)
  5 wights (D:13)
  5 electric eels
  6 howler monkeys
  4 crimson imps
  7 centaur zombies
  3 giant frog zombies
  5 jellies
  A human zombie (Ossuary)
  27 orc priests
  36 orc wizards
  6 centaur skeletons
  4 hounds
  2 giant frog skeletons (D:12)
  Jessica (D:3)
  12 iguanas
  13 worker ants
  15 sheep
  A big kobold zombie (Ossuary)
  A hound skeleton (D:8)
  3 mummies
  2 howler monkey zombies
  11 gnolls
  A howler monkey skeleton (D:11)
  17 adders
  55 river rats
  5 shadow imps
  2 oozes
  2 adder zombies
  8 worms
  5 dart slugs
  5 giant geckos
  144 orcs
  9 giant cockroaches
  3 gnoll zombies (Ossuary)
  15 goblins
  10 hobgoblins
  6 jackals
  2 quokkas
  A ball python (D:8)
  7 bats
  A giant cockroach zombie (D:6)
  6 giant newts
  3 goblin zombies (Ossuary)
  4 hobgoblin zombies
  21 kobolds
  2 kobold zombies (D:6)
  3 orc zombies
  A quokka skeleton (D:6)
  9 rats
  A fungus (Lair:6)
  2 plants
  2 tentacles (Shoals:1)
1005 creatures vanquished.

Vanquished Creatures (others)
  An orc warrior (Bailey)
  A kobold (D:15)
  12 fungi
  11 plants
  3 tentacles (Shoals:1)
  77 tentacle segments (Shoals:1)
105 creatures vanquished.

Grand Total: 1110 creatures vanquished

Notes
Turn   | Place    | Note
--------------------------------------------------------------
     0 | D:1      | epen the Merfolk Monk began the quest for the Orb.
     0 | D:1      | Reached XP level 1. HP: 18/18 MP: 1/1
    69 | D:1      | Reached XP level 2. HP: 21/24 MP: 2/2
   402 | D:1      | Reached XP level 3. HP: 21/30 MP: 3/3
   966 | D:2      | Reached skill level 5 in Unarmed Combat
  1366 | D:2      | Reached XP level 4. HP: 31/37 MP: 4/4
  1974 | D:3      | Noticed Jessica
  1977 | D:3      | Found an ancient bone altar of Kikubaaqudgha.
  1985 | D:3      | Killed Jessica
  2410 | D:3      | Reached XP level 5. HP: 29/42 MP: 5/5
  2539 | D:3      | Reached skill level 5 in Dodging
  2764 | D:4      | Noticed a phantom
  2827 | D:4      | Killed a phantom
  2827 | D:4      | Reached XP level 6. HP: 21/49 MP: 6/6
  2975 | D:4      | Found a sacrificial altar of Ru.
  3045 | D:4      | Found Baock's Weapon Emporium.
  3669 | D:5      | Entered Level 5 of the Dungeon
  3679 | D:5      | Found Asast's Book Shop.
  3911 | D:5      | Reached skill level 5 in Fighting
  4012 | D:5      | Found a snail-covered altar of Cheibriados.
  4022 | D:5      | Became a worshipper of Cheibriados the Contemplative
  4022 | D:5      | Reached * piety under Cheibriados
  4022 | D:5      | Reached ** piety under Cheibriados
  4115 | D:5      | Reached XP level 7. HP: 29/56 MP: 7/7
  4348 | D:5      | Found an oddly glowing altar of Pakellas.
  4685 | D:5      | Reached skill level 1 in Invocations
  4899 | D:5      | Reached *** piety under Cheibriados
  5402 | D:5      | Reached **** piety under Cheibriados
  5517 | D:5      | Reached XP level 8. HP: 57/64 MP: 9/9
  5555 | D:6      | Gained mutation: You are partially covered in icy blue scales (AC +1). [potion of mutation]
  5555 | D:6      | Gained mutation: You are partially covered in rough black scales (AC +4, Dex -1). [potion of mutation]
  5555 | D:6      | Lost mutation: You are partially covered in icy blue scales (AC +1). [potion of mutation]
  5916 | D:6      | Noticed Lovchig's ghost (novice OpAs)
  5931 | D:6      | Killed Lovchig's ghost
  6100 | D:6      | Found a deep blue altar of Sif Muna.
  6671 | D:7      | Reached XP level 9. HP: 71/71 MP: 12/12
  6684 | D:7      | Reached ***** piety under Cheibriados
  6684 | D:7      | Reached skill level 5 in Invocations
  6771 | D:7      | Found a staircase to the Ecumenical Temple.
  6844 | D:7      | Found a snail-covered altar of Cheibriados.
  7034 | D:7      | Found a shimmering altar of Xom.
  7034 | D:7      | Noticed an angel
  7036 | D:7      | Noticed Prince Ribbit
  7041 | D:7      | Killed Prince Ribbit
  7191 | D:7      | Found a glowing silver altar of Zin.
  7443 | D:7      | Found a shadowy altar of Dithmenos.
  7473 | D:8      | Noticed a two-headed ogre
  7480 | D:8      | Killed a two-headed ogre
  7482 | D:8      | Reached skill level 10 in Unarmed Combat
  7543 | D:8      | Found a sand-covered staircase.
  7547 | Ossuary  | Entered an ossuary
  7834 | D:8      | Reached XP level 10. HP: 79/79 MP: 15/15
  8440 | D:8      | Reached skill level 1 in Spellcasting
  9011 | D:9      | Found a flagged portal.
  9040 | Bailey   | Entered a bailey
  9590 | Bailey   | Noticed an orc knight
  9642 | Bailey   | Killed an orc knight
 10069 | D:9      | Reached XP level 11. HP: 61/87 MP: 17/17
 10347 | D:10     | Entered Level 10 of the Dungeon
 10619 | D:10     | Found a staircase to the Lair.
 10774 | D:10     | Noticed Harold
 10786 | D:10     | Killed Harold
 10888 | D:10     | Found a staircase to the Orcish Mines.
 10962 | D:10     | Reached skill level 10 in Dodging
 11258 | Lair:1   | Entered Level 1 of the Lair of Beasts
 11269 | Lair:1   | Reached skill level 10 in Invocations
 11703 | Lair:1   | Found a stormy altar of Qazlal.
 12839 | Lair:2   | Reached XP level 12. HP: 95/95 MP: 19/19
 12933 | Lair:2   | Reached XP level 13. HP: 103/103 MP: 19/21
 13359 | Lair:3   | Reached skill level 10 in Fighting
 13359 | Lair:3   | Reached skill level 1 in Evocations
 13506 | Lair:3   | Reached ****** piety under Cheibriados
 14781 | Lair:4   | Found a staircase to the Shoals.
 15403 | Lair:5   | Found a hole to the Spider Nest.
 16156 | Lair:6   | Reached XP level 14. HP: 84/111 MP: 3/23
 16277 | Lair:6   | Learned a level 7 spell: Dragon Form
 16514 | Lair:6   | Reached skill level 1 in Transmutations
 16545 | Lair:6   | Jaaaaaa
 16928 | Lair:7   | Reached skill level 2 in Transmutations
 17060 | Lair:7   | Reached skill level 3 in Transmutations
 17234 | Lair:7   | Reached skill level 4 in Transmutations
 17663 | Lair:8   | Entered Level 8 of the Lair of Beasts
 17686 | Lair:8   | Found a staircase to the Slime Pits.
 17908 | Lair:8   | Reached skill level 5 in Evocations
 18230 | Lair:8   | Reached skill level 5 in Transmutations
 18578 | Lair:8   | Got a fine plate armour
 18590 | Lair:8   | Identified the +4 plate armour of Distant Shores {Slay+2} (You found it on level 8 of the Lair of Beasts)
 18621 | Lair:8   | Noticed a dire elephant
 18621 | Lair:8   | Noticed a dire elephant
 18632 | Lair:8   | Killed a dire elephant
 18632 | Lair:8   | Reached skill level 15 in Unarmed Combat
 18644 | Lair:8   | Killed a dire elephant
 18719 | Lair:8   | Noticed a dire elephant
 18964 | Lair:8   | Noticed a dire elephant
 18979 | Lair:8   | Killed a dire elephant
 19173 | Lair:8   | Reached skill level 6 in Transmutations
 19196 | Lair:8   | Killed a dire elephant
 19395 | Lair:8   | Noticed a dire elephant
 19409 | Lair:8   | Killed a dire elephant
 19594 | Lair:8   | Identified the Tome of Bewitching Sinister Rituals
 19881 | Orc:1    | Entered Level 1 of the Orcish Mines
 19930 | Orc:2    | Entered Level 2 of the Orcish Mines
 20243 | Orc:2    | Reached skill level 7 in Transmutations
 20722 | Orc:1    | hai
 20775 | Orc:1    | Reached XP level 15. HP: 77/120 MP: 18/25
 20989 | Orc:2    | Found a staircase to the Elven Halls.
 21273 | Orc:2    | hai
 21273 | Orc:2    | i am sprigster
 21273 | Orc:2    | sprigster of jaqusder
 21585 | Orc:2    | Found Vied's Distillery.
 21649 | Orc:2    | Reached skill level 8 in Transmutations
 21801 | Orc:2    | Found Adumaq's General Store.
 22067 | Orc:2    | Reached skill level 9 in Transmutations
 22440 | Orc:2    | Bought a scroll of identify for 30 gold pieces
 22440 | Orc:2    | Bought a +2 buckler for 247 gold pieces
 22912 | Orc:2    | Found Monotop's Antique Weapon Boutique.
 22912 | Orc:2    | Found Siguserr's Book Shop.
 22912 | Orc:2    | Found a one-way gate leading to the halls of Pandemonium.
 22934 | Orc:2    | Gained mutation: You are agile. (Dex +2) [a neqoxec]
 22939 | Orc:2    | Reached skill level 1 in Shields
 23124 | Orc:2    | Hai
 23124 | Orc:2    | I am sprigster
 23161 | Orc:2    | Bought a potion of magic for 88 gold pieces
 23161 | Orc:2    | Bought a potion of curing for 33 gold pieces
 23161 | Orc:2    | Bought a potion of curing for 33 gold pieces
 23161 | Orc:2    | Bought a potion of curing for 33 gold pieces
 23161 | Orc:2    | Bought a potion of might for 44 gold pieces
 23161 | Orc:2    | Bought a potion of curing for 33 gold pieces
 23407 | Orc:2    | Paralysed by an orc sorcerer for 5 turns
 23698 | D:11     | Found a white marble altar of Elyvilon.
 24105 | D:11     | Found a glowing golden altar of the Shining One.
 24586 | D:12     | Reached skill level 10 in Transmutations
 25554 | D:13     | Reached skill level 11 in Transmutations
 25630 | D:13     | Found a portal to a secret trove of treasure.
 25823 | D:14     | Reached skill level 5 in Shields
 25952 | D:14     | Noticed Duraxyll's ghost (journeyman MfBe)
 25963 | D:14     | Reached XP level 16. HP: 84/127 MP: 20/26
 25981 | D:14     | Killed Duraxyll's ghost
 26136 | D:14     | Reached skill level 12 in Transmutations
 26786 | D:14     | Found a gate to the Vaults.
 26978 | D:15     | Entered Level 15 of the Dungeon
 27316 | D:15     | Reached skill level 13 in Transmutations
 28031 | D:15     | Found a staircase to the Depths.
 28091 | D:15     | Reached skill level 14 in Transmutations
 28186 | D:15     | Found Voshrott's Antique Weapon Boutique.
 28195 | D:15     | Found a runed door.
 29171 | D:15     | Found a roughly hewn altar of Beogh.
 29445 | Shoals:1 | Entered Level 1 of the Shoals
 29572 | Shoals:1 | Reached skill level 15 in Transmutations
 30563 | Shoals:1 | Noticed Nikola
 31104 | Shoals:1 | arrrrrrr
 31146 | Shoals:1 | Reached skill level 16 in Transmutations
 31253 | Shoals:1 | Noticed a kraken
 31267 | Shoals:1 | HP: 1/190 [kraken (39)]
 31267 | Shoals:1 | Mangled by a tentacle

Skill      XL: |  1  2  3  4  5  6  7  8  9 10 11 12 13 14 15 16 |
---------------+-------------------------------------------------+-----
Unarmed Combat | 5 6 7 9 10 11 12 13 14 15 | 15.5
Fighting       | 4 5 6 7 8 9 10 11 12 | 12.2
Dodging        | 5 6 7 8 9 10 11 12 13 | 13.8
Invocations    | 2 4 7 8 10 11 12 13 14 | 14.0
Spellcasting   | 2 4 |  4.9
Evocations     | 4 6 |  6.8
Transmutations | 7 11 16 | 16.0
Shields        | 5 7 |  7.7
Stealth        | |  2.1

Action                   |  1- 3 |  4- 6 |  7- 9 | 10-12 | 13-15 | 16-18 || total
-------------------------+-------+-------+-------+-------+-------+-------++-------
Melee: Unarmed           |   127 |   226 |   452 |   461 |  1774 |   644 ||  3684
       Punch             |     1 |     6 |    26 |    56 |   162 |     3 ||   254
       Tailslap          |       |     2 |       |    10 |    11 |    24 ||    47
       Bite              |       |       |       |       |       |     2 ||     2
 Cast: Dragon Form       |       |       |       |       |       |     5 ||     5
Invok: Slouch            |       |       |       |     9 |    30 |    14 ||    53
 Abil: Breathe Fire      |       |       |       |       |       |     1 ||     1
       End Transformatio |       |       |       |       |       |     1 ||     1
Evoke: Wand              |       |       |       |       |     5 |     3 ||     8
  Use: Scroll            |       |       |    16 |     8 |    13 |     5 ||    42
       Potion            |       |       |     1 |     1 |     1 |       ||     3
 Stab: Sleeping          |     6 |     7 |    10 |     7 |    13 |       ||    43
       Distracted        |       |       |     2 |     3 |     1 |       ||     6
  Eat: Chunk             |     1 |     9 |     6 |     9 |    33 |    11 ||    69
       Meat ration       |       |       |     1 |       |       |     1 ||     2
Armor: Robe              |     5 |       |       |       |       |       ||     5
       Ring mail         |    17 |    31 |       |       |       |       ||    48
       Leather armour    |       |     1 |    64 |    26 |       |       ||    91
       Troll leather arm |       |       |       |    76 |   107 |       ||   183
       Plate armour      |       |       |       |       |   378 |   167 ||   545
       Skin              |       |       |       |       |       |     7 ||     7
Dodge: Dodged            |    70 |   107 |   366 |   542 |  1533 |   391 ||  3009
Block: Buckler           |       |       |       |       |   188 |   253 ||   441
